cohdb
Replays
Latest Replays
All Replays
Popular Replays
Top Player Replays
Match Explorer
How It Works
Community
CoH3 Stats
Reddit
Sign in to upload your games and track your stats! →
Sign in with Steam
Match 41619052
Unlisted
Match 41619052
Overview
Messages
Build Orders
End
Panzergrenadier Squad
Selects Battlefield Espionage Battlegroup
Selects Battlefield Espionage Battlegroup
250 Light Carrier
Panzergrenadier Squad
Construct Light Support Kompanie
Combat Half-tracks
Selects Intel Disruption Beacon
Panzerjäger Squad
Fire Support Elements
le.IG 18 Mechanized Group
Flakvierling Half-track
Construct Panzerarmee Kommand
Selects Transfer Depots
Selects 250/3 Funkpanzerwagen
Pak 38 Mechanized Group
Panzer III L Medium Tank
Emergency Repair Kits
Panzer III L Medium Tank
2.5-tonne Medical Truck
Selects Firestorm
Selects Advanced Ambush Training
Firestorm
Panzer III L Medium Tank
Rapid Advance
Firestorm
Panzer III L Medium Tank
Selects Operation Skorpion
Vehicle Survival Package
Tungsten Core Ammunition
Panzer III L Medium Tank
Pak 38 Mechanized Group
morgoe
Nashorn101
W
ClockworkVex
0
0
Comments
sign in to comment!
No comments posted yet!